 Dungeon Crawl Stone Soup version 0.28.0-53-g5a82cb258f (webtiles) character file.

Game seed: 10705441410034506627

109 safid the Chopper (level 4, 0/40 HPs)
             Began as a Hill Orc Fighter on Aug 15, 2022.
             Was an Initiate of Beogh.
             Slain by a gnoll
             ... wielding a +2 whip of electrocution
              (11 damage)
             ... on level 2 of the Dungeon.
             The game lasted 00:02:28 (2723 turns).

safid the Chopper (Hill Orc Fighter)                Turns: 2723, Time: 00:02:29

Health: 0/40       AC:  8    Str: 20    XL:     4   Next: 90%
Magic:  4/4        EV:  9    Int:  8    God:    Beogh [......]
Gold:   151        SH:  4    Dex: 10    Spells: 3/3 levels left

rFire   . . .      SeeInvis .   a - +0 war axe
rCold   . . .      Faith    .   c - +0 buckler
rNeg    + . .      Spirit   .   b - +0 scale mail
rPois   .          Reflect  .   n - +0 helmet
rElec   .          Harm     .   (no cloak)
rCorr   .          Rampage  .   (no gloves)
Will    .....                   (no boots)
Stlth   ..........              (no amulet)
HPRegen 0.13/turn               g - ring of positive energy
MPRegen 0.09/turn               (no ring)

@: no status effects
A: no striking features
a: Renounce Religion


You were on level 2 of the Dungeon.
You worshipped Beogh.
Beogh was noncommittal.
You visited 1 branch of the dungeon, and saw 3 of its levels.

You collected 151 gold pieces.

Inventory:

Hand Weapons
 a - a +0 war axe (weapon)
Armour
 b - a +0 scale mail (worn)
 c - a +0 buckler (worn)
 n - a +0 helmet (worn)
Jewellery
 g - a ring of positive energy (left hand)
Scrolls
 f - a scroll of enchant armour {unknown}
Potions
 d - a potion of might
 e - a potion of lignification {unknown}
 h - 2 potions of attraction {unknown}
 i - a potion of haste {unknown}
 k - a potion of curing {unknown}
 l - a potion of heal wounds {unknown}


   Skills:
 - Level 4.0 Fighting
 + Level 5.0 Axes
 - Level 4.0 Armour
 - Level 4.0 Shields


You had 3 spell levels left.
You didn't know any spells.
Your spell library contained the following spells:

 Spells                   Type           Power      Damage    Failure   Level
 Conjure Flame            Conj/Fire      0%         6-21      99%         3
 Ignite Poison            Fire/Tmut/Pois 0%         N/A       99%         3
 Sticky Flame             Conj/Fire      0%         2d3       100%        4


Dungeon Overview and Level Annotations

Branches:
Dungeon (3/15)

Altars:
Ashenzari

Annotations:
D:3 2 transporters, Modestlyawesome's ghost, amateur MiMo


Message History

There are monsters nearby!
A gnoll comes into view. It is wielding a +0 whip.
The gnoll shouts!
You closely miss the gnoll. The gnoll barely misses you.
You hit the gnoll but do no damage. You barely miss the gnoll.
The gnoll hits you but does no damage. The gnoll closely misses you.
You hit the gnoll but do no damage. You hit the gnoll.
The gnoll hits you with a +0 flail. The gnoll hits you but does no damage.
The gnoll hits you with a +0 whip.
You barely miss the gnoll.
The gnoll is lightly wounded.
You hit the gnoll. You slash the gnoll! The gnoll barely misses you.
The gnoll hits you with a +0 flail! The gnoll misses you.
The gnoll barely misses you.
You hit the gnoll.
The gnoll is almost dead.
You hit the gnoll. x2; The gnoll hits you with a +0 flail.
A hobgoblin comes into view.
You block the gnoll's attack. The gnoll closely misses you.
The gnoll hits you with a +0 flail.
The hobgoblin shouts!
You slash the gnoll!
You kill the gnoll!
Beogh accepts your kill.
You hit the gnoll. You closely miss the gnoll.
The gnoll hits you with a +0 flail. The gnoll hits you with a +0 flail!
* * * LOW HITPOINT WARNING * * *
Your Axes skill increases to level 5!
You are too injured to fight recklessly!
You are too injured to fight recklessly!
You are too injured to fight recklessly!
You are too injured to fight recklessly!
You block the gnoll's attack.
There is a stone staircase leading up here.
The gnoll misses you.
You climb upwards.
There is a stone staircase leading down here.
You barely miss the gnoll. You block the gnoll's attack.
The gnoll hits you but does no damage.
You are electrocuted!
You die...

#################
#...............#
#.#############.###
#.#############...##########
#...........................
############...........##########
.......................# #...#
.###########....@....########.#.#
.#...............g.........##.#.#
.#.####.............######.##.#..
<....................#........#.#
.#####..........####.#...........
.# #..........####.#...........
.# #....#.#.....##.#####.#..#..
.#####....#.#####.##.#####.#...##
...........>...................#P


You could see a gnoll.

Vanquished Creatures
  Robin (D:2)
  2 gnolls
  3 adders
  3 ball pythons
  6 bats
  5 endoplasms
  A giant cockroach (D:2)
  8 goblins
  6 hobgoblins
  2 jackals (D:1)
  3 quokkas
  2 frilled lizards (D:2)
  2 kobolds
  4 rats
48 creatures vanquished.

Vanquished Creatures (others)
  A centaur (D:3)
  An orc priest (D:3)
  6 orcs (D:3)
  2 hobgoblins (D:3)
10 creatures vanquished.

Grand Total: 58 creatures vanquished

Notes
Turn   | Place    | Note
-------+----------+-------------------------------------------
     0 | D:1      | safid the Hill Orc Fighter began the quest for the Orb.
     0 | D:1      | Reached XP level 1. HP: 19/19 MP: 1/1
    61 | D:1      | Reached XP level 2. HP: 21/27 MP: 2/2
   174 | D:1      | Reached skill level 3 in Axes
   354 | D:1      | Reached XP level 3. HP: 18/33 MP: 3/3
  1584 | D:2      | Reached XP level 4. HP: 38/40 MP: 4/4
  1671 | D:2      | Noticed Robin
  1682 | D:2      | Killed Robin
  1683 | D:2      | Reached skill level 4 in Axes
  1855 | D:2      | Found a faded altar of an unknown god.
  2367 | D:3      | Noticed a centaur
  2368 | D:3      | Became a worshipper of Beogh the Brigand
  2372 | D:3      | Killed a centaur
  2422 | D:3      | Found a broken altar of Ashenzari.
  2432 | D:3      | Found a transporter.
  2432 | D:3      | Noticed Modestlyawesome's ghost (amateur MiMo)
  2433 | D:3      | Found a transporter.
  2718 | D:3      | Reached skill level 5 in Axes
  2723 | D:2      | Slain by a gnoll

Illustrated notes

Levels and vault maps discovered:
D:1:      minmay_arrival_stair_chambers, layout_basic
D:2:      minmay_inner_zag, layout_basic,
          dreamdust_ecumenical_altar_hidden_monk_grotto, uniq_robin
D:3:      layout_basic, mainiacjoe_overflow_24_doors, gammafunk_ghost_arena,
          serial_shops, nicolae_shop_behind_doors, uniq_crazy_yiuf_cottage,
          uniq_grinder

Skill      XL: |  1  2  3  4 |
---------------+-------------+-----
Axes           | 3 5 |  5.0
Fighting       | 4 |  4.0
Armour         | 4 |  4.0
Shields        | 4 |  4.0

Action                   |  1- 3 |  4- 6 || total
-------------------------+-------+-------++-------
Melee: War axe           |    83 |    60 ||   143
Invok: Convert to Beogh  |       |     1 ||     1
Armor: Scale mail        |    48 |    37 ||    85
Dodge: Dodged            |    47 |    28 ||    75
Block: Buckler           |    17 |    15 ||    32
